 Dungeon Crawl Stone Soup version 0.21.1-1-g345015f (webtiles) character file.

32 tidbits the Charmwright (level 3, -1/31 HPs)
             Began as a Gnoll Skald on June 20, 2018.
             Slain by Ijyb (2 damage)
             ... on level 3 of the Dungeon.
             The game lasted 00:02:07 (260 turns).

tidbits the Charmwright (Gnoll Skald)                Turns: 260, Time: 00:02:08

Health: -1/31      AC:  0    Str: 13    XL:     3   Next: 27%
Magic:  0/9        EV: 14    Int: 16    God:
Gold:   52         SH:  0    Dex: 14    Spells: 1/12 levels left

rFire    . . .     SeeInvis .   a - +0 hand axe
rCold    . . .     Gourm    .   (no shield)
rNeg     . . .     Faith    .   b - +0 leather armour
rPois    .         Spirit   .   (no helmet)
rElec    .         Reflect  .   (no cloak)
rCorr    .         Harm     .   (no gloves)
MR       .....                  (no boots)
Stlth    +.........             (no amulet)
HPRegen  0.10/turn              (no ring)
MPRegen  0.11/turn              (no ring)

@: corroded, very slightly contaminated, hasted, very quick
A: distributed training, fangs 1, strong nose
a: no special abilities


You were on level 3 of the Dungeon.
You were not hungry.

You visited 1 branch of the dungeon, and saw 3 of its levels.

You collected 52 gold pieces.

Inventory:

Hand Weapons
 a - a +0 hand axe (weapon)
 g - a +0 dagger
 i - a +0 blowgun
Missiles
 f - 3 tomahawks (quivered)
Armour
 b - a +0 leather armour (worn)
Scrolls
 e - a scroll of enchant weapon {unknown}
 j - a scroll of blinking {unknown}
 k - a scroll of remove curse {unknown}
 l - a scroll of identify {unknown}
Books
 c - a book of Battle

   Spells                             Type                      Level
   a - Infusion                       Charms                       1
   b - Shroud of Golubria             Charms/Translocation         2
   c - Song of Slaying                Charms                       2
   d - Spectral Weapon                Hexes/Charms                 3
   e - Regeneration                   Charms/Necromancy            3
 m - a book of Changes
   (You found it on level 3 of the Dungeon)

   Spells                             Type                      Level
   a - Beastly Appendage              Transmutation                1
   b - Sticks to Snakes               Transmutation                2
   c - Spider Form                    Transmutation/Poison         3
   d - Ice Form                       Ice/Transmutation            4
   e - Blade Hands                    Transmutation                5
Comestibles
 d - 2 rations


   Skills:
 + Level 4.5 Fighting
 + Level 0.6 Short Blades
 + Level 0.6 Long Blades
 + Level 4.5 Axes
 + Level 0.6 Maces & Flails
 + Level 0.6 Polearms
 + Level 0.6 Staves
 + Level 0.6 Slings
 + Level 0.6 Bows
 + Level 0.6 Crossbows
 + Level 0.6 Throwing
 + Level 2.5 Armour
 + Level 4.5 Dodging
 + Level 0.6 Stealth
 + Level 0.6 Shields
 + Level 0.6 Unarmed Combat
 + Level 5.0 Spellcasting
 + Level 0.4 Conjurations
 + Level 0.4 Hexes
 + Level 5.4 Charms
 + Level 0.4 Summonings
 + Level 0.4 Necromancy
 + Level 0.4 Translocations
 + Level 0.4 Transmutations
 + Level 0.4 Fire Magic
 + Level 0.4 Ice Magic
 + Level 0.4 Air Magic
 + Level 0.4 Earth Magic
 + Level 0.4 Poison Magic
 + Level 0.8 Invocations
 + Level 0.6 Evocations


You had one spell level left.
You knew the following spells:

 Your Spells              Type           Power        Failure   Level  Hunger
g - Shroud of Golubria    Chrm/Tloc      ##........   9%          2    #......
i - Infusion              Chrm           ###.         1%          1    None
r - Regeneration          Chrm/Necr      ##........   17%         3    ###....
w - Spectral Weapon       Hex/Chrm       ##......     17%         3    ###....
y - Song of Slaying       Chrm           ###.....     3%          2    #......


Dungeon Overview and Level Annotations

Branches:
Dungeon (3/15)

Altars:

Annotations:
D:3 Ijyb


Innate Abilities, Weirdness & Mutations

Your experience applies equally to all skills.
You have very sharp teeth.
Your uncanny sense of smell can sniff out nearby items.


Message History

Your skin crawls.
Unknown command.
Things that are here:
a scroll labeled OTZURGH IKEIL; 11 gold pieces
k - a scroll labeled OTZURGH IKEIL You now have 37 gold pieces (gained 11).
You hear the slow rusting of a distant drain.
Your skin is crawling a little less now.
You see here a ration.
d - 2 rations (gained 1)
Your skin stops crawling.
A rat comes into view.
You see here a scroll labeled NACIASOINI.
l - a scroll labeled NACIASOINI You see here a book of Changes.
m - a book of Changes
Okay, then.
Your magical infusion is running out.
Found 15 gold pieces.
Unknown command.
A goblin comes into view.
You hit the goblin!
You kill the goblin!
You are no longer magically infusing your attacks.
You see here 15 gold pieces.
You now have 52 gold pieces (gained 15).
Ijyb the Twisted Goblin comes into view.
Ijyb shouts!
Casting: Regeneration
Confirm with . or Enter, or press ? or * to list all spells.
You draw out your weapon's spirit!
You swap places.
You hit Ijyb but do no damage.
Your spectral weapon closely misses Ijyb.
Ijyb barely misses you.
You hit Ijyb.
Ijyb is lightly wounded.
Your spectral weapon barely misses Ijyb.
Ijyb misses you.
You hit Ijyb but do no damage.
Ijyb is lightly wounded.
Your spectral weapon completely misses Ijyb.
Ijyb misses you.
You hit Ijyb. You bite Ijyb, but do no damage.
Ijyb is moderately wounded.
Your spectral weapon closely misses Ijyb.
Ijyb hits you.
You hit Ijyb.
Ijyb is moderately wounded.
Your spectral weapon closely misses Ijyb.
Ijyb hits you.
You closely miss Ijyb.
Ijyb is moderately wounded.
Your spectral weapon closely misses Ijyb.
Ijyb zaps a wand.
The bolt of acid misses you.
It is a wand of acid (5).
You hit Ijyb but do no damage.
Ijyb is moderately wounded.
Your spectral weapon hits Ijyb.
Ijyb zaps a wand.
The bolt of acid misses you.
You barely miss Ijyb.
Ijyb is heavily wounded.
Your spectral weapon hits Ijyb but does no damage.
Ijyb hits you but does no damage.
You closely miss Ijyb.
Ijyb is heavily wounded.
Your spectral weapon hits Ijyb.
Ijyb hits you.
You miss Ijyb.
Ijyb is severely wounded.
Your spectral weapon hits Ijyb.
Ijyb barely misses you.
You closely miss Ijyb.
Ijyb is almost dead.
Your spectral weapon fades away.
Ijyb misses you.
Casting: Spectral Weapon
Confirm with . or Enter, or press ? or * to list all spells.
You don't have enough magic to cast that spell.
You completely miss Ijyb.
Ijyb is almost dead.
Ijyb zaps a wand.
The bolt of acid hits you!
Ouch! That really hurt!
* * * LOW HITPOINT WARNING * * *
The acid corrodes you!
You are splashed with acid!
The acid burns!
* * * LOW HITPOINT WARNING * * *
It was a potion of haste.
You feel yourself speed up.
You hear the slow rusting of a very distant drain.
Ijyb barely misses you.
Casting: Spectral Weapon
Confirm with . or Enter, or press ? or * to list all spells.
You miscast Spectral Weapon.
You are very lightly contaminated with residual magic.
Your hands glow momentarily.
Ijyb hits you.
* * * LOW HITPOINT WARNING * * *
You aren't carrying any potions.
Unknown command.
You hit Ijyb but do no damage.
Ijyb is almost dead.
Ijyb misses you.
You closely miss Ijyb.
Ijyb is almost dead.
Ijyb hits you.
You die...

###############
..g............
∆##g..####
#@......####
#........... ∆
#...........
∆#...........
##..........
#...........r....
#................
#................
#................


You could see Ijyb.

Vanquished Creatures
  2 adders
  An ooze (D:3)
  A bat (D:1)
  A goblin (D:3)
  4 kobolds
  A frilled lizard (D:1)
  A rat (D:3)
11 creatures vanquished.

Notes
Turn   | Place    | Note
-------+----------+-------------------------------------------
     0 | D:1      | tidbits the Gnoll Skald began the quest for the Orb.
     0 | D:1      | Reached XP level 1. HP: 20/20 MP: 6/6
    84 | D:2      | Reached XP level 2. HP: 26/26 MP: 4/7
    98 | D:2      | Learned a level 2 spell: Song of Slaying
   101 | D:2      | Learned a level 2 spell: Shroud of Golubria
   195 | D:3      | Reached skill level 5 in Spellcasting
   195 | D:3      | Reached XP level 3. HP: 22/31 MP: 3/9
   200 | D:3      | Learned a level 3 spell: Regeneration
   204 | D:3      | Learned a level 3 spell: Spectral Weapon
   240 | D:3      | Noticed Ijyb
   256 | D:3      | HP: 2/31 [acid (5)]
   260 | D:3      | Slain by Ijyb

Skill      XL: |  1  2 |
---------------+-------+-----
Spellcasting   | 5 |  5.0
Fighting       | |  4.5
Short Blades   | |  0.6
Long Blades    | |  0.6
Axes           | |  4.5
Maces & Flails | |  0.6
Polearms       | |  0.6
Staves         | |  0.6
Slings         | |  0.6
Bows           | |  0.6
Crossbows      | |  0.6
Throwing       | |  0.6
Armour         | |  2.5
Dodging        | |  4.5
Stealth        | |  0.6
Shields        | |  0.6
Unarmed Combat | |  0.6
Conjurations   | |  0.4
Hexes          | |  0.4
Charms         | |  5.4
Summonings     | |  0.4
Necromancy     | |  0.4
Translocations | |  0.4
Transmutations | |  0.4
Fire Magic     | |  0.4
Ice Magic      | |  0.4
Air Magic      | |  0.4
Earth Magic    | |  0.4
Poison Magic   | |  0.4
Invocations    | |  0.8
Evocations     | |  0.6

Action                   || total
-------------------------++-------
Melee: Hand axe          ||    41
       Bite              ||     3
 Cast: Infusion          ||     6
       Regeneration      ||     1
       Spectral Weapon   ||     1
  Use: Potion            ||     1
Armor: Leather armour    ||     8
Dodge: Dodged            ||    27

Table legend:
 A = Turns spent in this place as a percentage of turns spent in the entire game.
 B = Non-inter-level travel turns spent in this place as a percentage of non-inter-level travel turns spent in the entire game.
 C = Inter-level travel turns spent in this place as a percentage of turns spent in this place.
 D = Turns resting spent in this place as a percentage of non-inter-level travel turns spent in this place.
 E = Turns spent auto-exploring this place as a percentage of non-inter-level travel turns spent in this place.
 F = Non-inter-level travel turns spent in this place divided by the number of levels of this place that you've seen.
                   A       B       C       D       E      F
               +-------+-------+-------+-------+-------+----------------------
         Total | 100.0 | 100.0 |   0.0 |   0.0 |   0.0 |  86.7
       Dungeon | 100.0 | 100.0 |   0.0 |   0.0 |   0.0 |  86.7
               +-------+-------+-------+-------+-------+----------------------

Table legend:
 A = Kills in this place as a percentage of kills in entire the game.
 B = Kills by you in this place as a percentage of kills by you in the entire game.
 C = Kills by friends in this place as a percentage of kills by friends in the entire game.
 D = Other kills in this place as a percentage of other kills in the entire game.
 E = Experience gained in this place as a percentage of experience gained in the entire game.
 F = Experience gained in this place divided by the number of levels of this place that you have seen.
                   A       B       C       D       E      F
               +-------+-------+-------+-------+-------+----------------------
         Total | 100.0 | 100.0 |   N/A |   N/A | 100.0 |  15.7
       Dungeon | 100.0 | 100.0 |   N/A |   N/A | 100.0 |  15.7
               +-------+-------+-------+-------+-------+----------------------

Vault maps used:
D:1:      nzn_arrival_crosshair, tso_altar
D:3:      gup_sewer_entry_spiral, serial_bayou_pond_a, wad_floor_pattern_1,
          uniq_ijyb
